Match 47101184
Unlisted

Match 47101184
End
Panzergrenadier Squad
250 Light Carrier
Panzergrenadier Squad
Construct Light Support Kompanie
Fire Support Elements
MG34 Team
Flakvierling Half-track
Panzerjäger Mechanized Group
Selects Italian Infantry
Selects Guastatori Squad
Selects Registered Artillery
Guastatori Squad
Vehicle Survival Package
Construct Panzerarmee Kommand
Walking Stuka Rocket Launcher
Pak 38 Mechanized Group
Selects Defensive Operations
Selects Territory Booby Traps
Selects Propaganda War
Propaganda War
Guastatori Squad
TyrionLX
Lemme smash
heer kaiser
vincent
battlenationaka
StarDriver
KMI Nipponn
Longbow64D
0
0

Comments sign in to comment!

No comments posted yet!